TOP OF THE 1ST |
Brockton Rox batting - Pitching for York Revolution : RHP Joe Morse
|
Pitching: RHP Joe Morse
|
|
Batting: RHB Bob Reichley
|
0-0: Called Strike 0-1: Foul Ball, location: 2F 0-2: Hit by Pitch
|
Batting: LHB Kenny Jackson
|
0-0: Fly out, F9 (Flyball, 9S, EV 77.5 MPH)
|
Batting: RHB Matt Walker
|
0-0: Ball 1-0: Grounds into double play, 5-4-3 (Groundball, 56, EV 95.6 MPH)
|
Top of the 1st over - 0 runs, 0 hits, 0 errors, 0 left on base; Brockton 0 - York 0 |
BOTTOM OF THE 1ST |
York Revolution batting - Pitching for Brockton Rox : RHP Wayne Whimster
|
Pitching: RHP Wayne Whimster
|
|
Batting: RHB Eddie Serna
|
0-0: Ball 1-0: Ground out 5-3 (Groundball, 56S, EV 90.6 MPH)
|
Batting: LHB Dennis French
|
0-0: Ball 1-0: Ball 2-0: Called Strike 2-1: Ball 3-1: Base on Balls
|
Batting: RHB Nick Maxwell
|
0-0: Called Strike 0-1: Swinging Strike 0-2: Ball 1-2: Ball 2-2: Ball 3-2: 2-RUN HOME RUN (Flyball, 78XD, EV 116.2 MPH), Distance : 448 ft
|
Batting: RHB Teh-huai Jiang
|
0-0: Ball 1-0: Called Strike 1-1: Ball 2-1: Ball 3-1: Foul Ball, location: 2F 3-2: Base on Balls
|
Batting: RHB Juan Gonzalez
|
0-0: Fly out, F7 (Flyball, 7D, EV 81.2 MPH)
|
Batting: RHB Steve Kirby
|
0-0: Called Strike 0-1: Foul Ball, location: 2F 0-2: Foul Ball, location: 2F 0-2: Ball 1-2: Ball 2-2: SINGLE (Groundball, 4D, EV 108.8 MPH) Teh-huai Jiang to second
|
Batting: RHB Dan Shaffer
|
0-0: Fielders Choice at 2nd, 6-4 (Groundball, 56D, EV 105.0 MPH)
|
Bottom of the 1st over - 2 runs, 2 hits, 0 errors, 2 left on base; Brockton 0 - York 2 |
TOP OF THE 2ND |
Brockton Rox batting - Pitching for York Revolution : RHP Joe Morse
|
Batting: LHB Eric Gaugler
|
0-0: Foul Ball, location: 2F 0-1: Foul Ball, location: 2F 0-2: Ball 1-2: Strikes out swinging
|
Batting: RHB Jose Blocker
|
0-0: Called Strike 0-1: Foul Ball, location: 2F 0-2: Strikes out looking
|
Batting: LHB Alexis Toxqui
|
0-0: Fly out, F9 (Flyball, 89D, EV 100.6 MPH)
|
Top of the 2nd over - 0 runs, 0 hits, 0 errors, 0 left on base; Brockton 0 - York 2 |
BOTTOM OF THE 2ND |
York Revolution batting - Pitching for Brockton Rox : RHP Wayne Whimster
|
Batting: LHB Quincy Smart
|
0-0: Swinging Strike 0-1: Ball 1-1: SOLO HOME RUN (Line Drive, 78XD, EV 100.6 MPH), Distance : 404 ft
|
Batting: LHB Mike Hawk
|
0-0: Ball 1-0: Called Strike 1-1: Fly out, F9 (Flyball, 9, EV 91.9 MPH)
|
Batting: RHB Eddie Serna
|
0-0: Swinging Strike 0-1: Swinging Strike 0-2: Ball 1-2: Ball 2-2: Foul Ball, location: 2F 2-2: Strikes out looking
|
Batting: LHB Dennis French
|
0-0: Ball 1-0: Foul Ball, location: 2F 1-1: Foul Ball, location: 2F 1-2: Foul Ball, location: 2F 1-2: Ball 2-2: Foul Ball, location: 2F 2-2: Ball 3-2: Fly out, F8 (Line Drive, 8LD, EV 91.2 MPH)
|
Bottom of the 2nd over - 1 run, 1 hit, 0 errors, 0 left on base; Brockton 0 - York 3 |
TOP OF THE 3RD |
Brockton Rox batting - Pitching for York Revolution : RHP Joe Morse
|
Batting: LHB Darby Starburster
|
0-0: Foul Ball, location: 2F 0-1: Ball 1-1: Ball 2-1: Bunt - Flyout to 5S! F5
|
Batting: RHB Wayne Whimster
|
0-0: Ball 1-0: Ball 2-0: Fly out, F9 (Line Drive, 89M, EV 107.5 MPH)
|
Batting: RHB Rob Romero
|
0-0: Ball 1-0: Ground out 5-3 (Groundball, 56, EV 83.8 MPH)
|
Top of the 3rd over - 0 runs, 0 hits, 0 errors, 0 left on base; Brockton 0 - York 3 |
BOTTOM OF THE 3RD |
York Revolution batting - Pitching for Brockton Rox : RHP Wayne Whimster
|
Batting: RHB Nick Maxwell
|
0-0: Ball 1-0: Foul Ball, location: 2F 1-1: Ball 2-1: Foul Ball, location: 2F 2-2: Ball 3-2: Fly out, F9 (Flyball, 9D, EV 98.1 MPH)
|
Batting: RHB Teh-huai Jiang
|
0-0: Called Strike 0-1: Ball 1-1: Ball 2-1: Ball 3-1: Foul Ball, location: 2F 3-2: Strikes out looking
|
Batting: RHB Juan Gonzalez
|
0-0: Called Strike 0-1: Ball 1-1: Foul Ball, location: 2F 1-2: Ball 2-2: Fly out, F9 (Flyball, 89M, EV 93.1 MPH)
|
Bottom of the 3rd over - 0 runs, 0 hits, 0 errors, 0 left on base; Brockton 0 - York 3 |
TOP OF THE 4TH |
Brockton Rox batting - Pitching for York Revolution : RHP Joe Morse
|
Batting: RHB Bob Reichley
|
0-0: Swinging Strike 0-1: Foul Ball, location: 2F 0-2: Ball 1-2: Strikes out swinging
|
Batting: LHB Kenny Jackson
|
0-0: Ball 1-0: Ball 2-0: Swinging Strike 2-1: Swinging Strike 2-2: Strikes out swinging
|
Batting: RHB Matt Walker
|
0-0: SINGLE (Popup, 5D, EV 58.1 MPH)
|
Batting: LHB Eric Gaugler
|
0-0: Ball 1-0: Swinging Strike 1-1: Fly out, F4 (Line Drive, 4, EV 64.4 MPH)
|
Top of the 4th over - 0 runs, 1 hit, 0 errors, 1 left on base; Brockton 0 - York 3 |
BOTTOM OF THE 4TH |
York Revolution batting - Pitching for Brockton Rox : RHP Wayne Whimster
|
Batting: RHB Steve Kirby
|
0-0: Reached via error on a dropped throw from SS, E3 (Groundball, 6, EV 99.4 MPH)
|
Batting: RHB Dan Shaffer
|
0-0: Called Strike 0-1: SINGLE (Line Drive, 5L, EV 100.0 MPH) Steve Kirby to second
|
Batting: LHB Quincy Smart
|
0-0: Foul Ball, location: 2F 0-1: Ball 1-1: DOUBLE (Line Drive, 7LM, EV 96.9 MPH) Steve Kirby scores Dan Shaffer to third
|
Batting: LHB Mike Hawk
|
0-0: 3-RUN HOME RUN (Flyball, 9D, EV 99.4 MPH), Distance : 361 ft
|
Pitching: LHP Bob Strachan
|
|
Batting: RHB Eddie Serna
|
0-0: Ball 1-0: Fly out, F9 (Line Drive, 9, EV 90.0 MPH)
|
Batting: LHB Dennis French
|
0-0: Fly out, F9 (Flyball, 89M, EV 90.6 MPH)
|
Batting: RHB Nick Maxwell
|
0-0: Ball 1-0: Called Strike 1-1: Ball 2-1: Ball 3-1: Foul Ball, location: 2F 3-2: Strikes out swinging
|
Bottom of the 4th over - 4 runs, 3 hits, 1 error, 0 left on base; Brockton 0 - York 7 |
TOP OF THE 5TH |
Brockton Rox batting - Pitching for York Revolution : RHP Joe Morse
|
Batting: RHB Jose Blocker
|
0-0: Swinging Strike 0-1: Swinging Strike 0-2: Strikes out swinging
|
Batting: LHB Alexis Toxqui
|
0-0: Ball 1-0: Fly out, F9 (Flyball, 89S, EV 97.5 MPH)
|
Batting: LHB Darby Starburster
|
0-0: Ball 1-0: Ball 2-0: Fly out, F9 (Flyball, 89S, EV 91.2 MPH)
|
Top of the 5th over - 0 runs, 0 hits, 0 errors, 0 left on base; Brockton 0 - York 7 |
BOTTOM OF THE 5TH |
York Revolution batting - Pitching for Brockton Rox : LHP Bob Strachan
|
Batting: RHB Teh-huai Jiang
|
0-0: Called Strike 0-1: Fly out, F8 (Flyball, 8RXD, EV 97.5 MPH)
|
Batting: RHB Juan Gonzalez
|
0-0: Ball 1-0: Ball 2-0: Called Strike 2-1: Called Strike 2-2: Foul Ball, location: 2F 2-2: Foul Ball, location: 2F 2-2: Strikes out looking
|
Batting: RHB Steve Kirby
|
0-0: Called Strike 0-1: Called Strike 0-2: Ball 1-2: Ball 2-2: SINGLE (Groundball, 56D, EV 110.6 MPH)
|
Batting: RHB Dan Shaffer
|
0-0: Swinging Strike 0-1: Swinging Strike 0-2: Ball 1-2: Strikes out swinging
|
Bottom of the 5th over - 0 runs, 1 hit, 0 errors, 1 left on base; Brockton 0 - York 7 |
TOP OF THE 6TH |
Brockton Rox batting - Pitching for York Revolution : RHP Joe Morse
|
Batting: RHB Wayne Whimster
|
0-0: Foul Ball, location: 2F 0-1: Fly out, F8 (Flyball, 8RD, EV 108.1 MPH)
|
Batting: RHB Rob Romero
|
0-0: Fly out, F5 (Line Drive, 5L, EV 68.1 MPH)
|
Batting: RHB Bob Reichley
|
0-0: Called Strike 0-1: Ball 1-1: Ball 2-1: Foul Ball, location: 2F 2-2: Strikes out looking
|
Top of the 6th over - 0 runs, 0 hits, 0 errors, 0 left on base; Brockton 0 - York 7 |
BOTTOM OF THE 6TH |
York Revolution batting - Pitching for Brockton Rox : LHP Bob Strachan
|
Batting: LHB Quincy Smart
|
0-0: Ball 1-0: Ball 2-0: Foul Ball, location: 2F 2-1: Fly out, F9 (Flyball, 9D, EV 101.2 MPH)
|
Batting: LHB Mike Hawk
|
0-0: Foul Ball, location: 2F 0-1: Ball 1-1: Foul Ball, location: 2F 1-2: Foul Ball, location: 2F 1-2: Ground out 5-3 (Groundball, 6, EV 104.4 MPH)
|
Batting: RHB Eddie Serna
|
0-0: Ball 1-0: SOLO HOME RUN (Flyball, 7D, EV 97.5 MPH), Distance : 375 ft
|
Batting: LHB Dennis French
|
0-0: Ball 1-0: Foul Ball, location: 2F 1-1: Foul Ball, location: 2F 1-2: Ball 2-2: Ball 3-2: SINGLE (Groundball, 25, EV 68.1 MPH) (infield hit)
|
Batting: RHB Nick Maxwell
|
0-0: Ball 1-0: Called Strike 1-1: Ball 2-1: Foul Ball, location: 2F 2-2: Ball 3-2: Base on Balls Dennis French to second
|
Pitching: LHP Luis Izquierdo
|
|
Batting: RHB Teh-huai Jiang
|
0-0: Foul Ball, location: 2F 0-1: Ball 1-1: Ball 2-1: Ball 3-1: Base on Balls Dennis French to third Nick Maxwell to second
|
Batting: RHB Juan Gonzalez
|
0-0: Called Strike 0-1: Fielders Choice at 2nd, 6-4 (Groundball, 56, EV 85.6 MPH)
|
Bottom of the 6th over - 1 run, 2 hits, 0 errors, 3 left on base; Brockton 0 - York 8 |
TOP OF THE 7TH |
Brockton Rox batting - Pitching for York Revolution : RHP Joe Morse
|
Batting: LHB Kenny Jackson
|
0-0: Foul Ball, location: 2F 0-1: Ball 1-1: Ground out U3 (Groundball, 3, EV 81.9 MPH)
|
Batting: RHB Matt Walker
|
0-0: SINGLE (Line Drive, 9S, EV 97.5 MPH)
|
Batting: LHB Eric Gaugler
|
0-0: Swinging Strike 0-1: Ball 1-1: Called Strike 1-2: Foul Ball, location: 2F 1-2: Foul Ball, location: 2F 1-2: Foul Ball, location: 2F 1-2: Ball 2-2: Foul Ball, location: 2F 2-2: Strikes out swinging
|
Batting: RHB Jose Blocker
|
0-0: Called Strike 0-1: Ball 1-1: Ball 2-1: DOUBLE (Line Drive, 7LS, EV 106.9 MPH) Matt Walker to third Runner from 3rd tries for Home, SAFE, throw by LF to trailing runner, SAFE at third!
|
Batting: LHB Alexis Toxqui
|
0-0: Called Strike 0-1: Ball 1-1: Ball 2-1: Foul Ball, location: 2F 2-2: Ball 3-2: Ground out 3-1 (Groundball, 34, EV 103.1 MPH)
|
Top of the 7th over - 1 run, 2 hits, 0 errors, 1 left on base; Brockton 1 - York 8 |
BOTTOM OF THE 7TH |
York Revolution batting - Pitching for Brockton Rox : LHP Luis Izquierdo
|
Batting: RHB Steve Kirby
|
0-0: Called Strike 0-1: Fly out, F7 (Flyball, 78D, EV 99.4 MPH)
|
Batting: RHB Dan Shaffer
|
0-0: Swinging Strike 0-1: Foul Ball, location: 2F 0-2: Ball 1-2: Ball 2-2: Ball 3-2: Foul Ball, location: 2F 3-2: Foul Ball, location: 2F 3-2: Base on Balls
|
Batting: LHB Quincy Smart
|
0-0: Called Strike 0-1: Ball 1-1: Foul Ball, location: 2F 1-2: Ball 2-2: Ball 3-2: Fly out, F8 (Flyball, 8RM, EV 75.0 MPH)
|
Batting: LHB Mike Hawk
|
0-0: Ball 1-0: Ball 2-0: Fly out, F9 (Flyball, 89M, EV 86.2 MPH)
|
Bottom of the 7th over - 0 runs, 0 hits, 0 errors, 1 left on base; Brockton 1 - York 8 |
TOP OF THE 8TH |
Brockton Rox batting - Pitching for York Revolution : RHP Joe Morse
|
Pinch Hitting: RHB Ryan Davis
|
0-0: Foul Ball, location: 2F 0-1: SINGLE (Line Drive, 7LM, EV 97.5 MPH)
|
Batting: SHB Jose Santiago
|
0-0: Called Strike 0-1: Ball 1-1: Ball Wild Pitch! Ryan Davis to second 2-1: Ball 3-1: Called Strike 3-2: Foul Ball, location: 2F 3-2: Strikes out swinging
|
Pitching: RHP Elijah McKay
|
|
Batting: RHB Rob Romero
|
0-0: Ball 1-0: Ground out 6-3 (Groundball, 6, EV 106.9 MPH)
|
Batting: RHB Bob Reichley
|
0-0: Foul Ball, location: 2F 0-1: Foul Ball, location: 2F 0-2: Strikes out swinging
|
Top of the 8th over - 0 runs, 1 hit, 0 errors, 1 left on base; Brockton 1 - York 8 |
BOTTOM OF THE 8TH |
York Revolution batting - Pitching for Brockton Rox : LHP Luis Izquierdo
|
Now at 2B: Joe Lewis
|
|
Now at SS: Kenny Jackson
|
|
Batting: RHB Eddie Serna
|
0-0: Ball 1-0: Foul Ball, location: 2F 1-1: Ball 2-1: Foul Ball, location: 2F 2-2: Foul Ball, location: 2F 2-2: DOUBLE (Line Drive, 7LS, EV 106.9 MPH)
|
Pitching: RHP Carlos Salazar
|
|
Batting: LHB Dennis French
|
0-0: Ball 1-0: Called Strike 1-1: Ball 2-1: Ball 3-1: Swinging Strike 3-2: Foul Ball, location: 2F 3-2: Foul Ball, location: 2F 3-2: Fly out, F4 (Popup, 23, EV 90.0 MPH)
|
Pinch Hitting: RHB Mike Ryan
|
0-0: Ball 1-0: Ball 2-0: Ball 3-0: Base on Balls
|
Batting: RHB Teh-huai Jiang
|
0-0: Foul Ball, location: 2F 0-1: Ball 1-1: Ball 2-1: Ball 3-1: Called Strike 3-2: Base on Balls Eddie Serna to third Mike Ryan to second
|
Pinch Hitting: LHB Jason Duda
|
0-0: Foul Ball, location: 2F 0-1: Ball 1-1: Ball 2-1: Fly out, F8 (Flyball, 78S, EV 91.9 MPH)
|
Batting: RHB Steve Kirby
|
0-0: Ball 1-0: Ball 2-0: Called Strike 2-1: Swinging Strike 2-2: Foul Ball, location: 2F 2-2: Ball 3-2: Fly out, F9 (Line Drive, 9, EV 89.4 MPH)
|
Bottom of the 8th over - 0 runs, 1 hit, 0 errors, 3 left on base; Brockton 1 - York 8 |
TOP OF THE 9TH |
Brockton Rox batting - Pitching for York Revolution : RHP Elijah McKay
|
Now at 3B: Mike Ryan
|
|
Now in CF: Dan Doggett
|
|
Batting: LHB Kenny Jackson
|
0-0: Ball 1-0: Ball 2-0: SOLO HOME RUN (Line Drive, 89XD, EV 107.5 MPH), Distance : 401 ft
|
Batting: RHB Matt Walker
|
0-0: Ball 1-0: Ground out 6-3 (Groundball, 6, EV 98.1 MPH)
|
Batting: LHB Eric Gaugler
|
0-0: Ball 1-0: Swinging Strike 1-1: Foul Ball, location: 2F 1-2: Strikes out swinging
|
Batting: RHB Jose Blocker
|
0-0: Called Strike 0-1: Ball 1-1: Ball 2-1: Ground out 6-3 (Groundball, 6, EV 80.0 MPH)
|
Top of the 9th over - 1 run, 1 hit, 0 errors, 0 left on base; Brockton 2 - York 8 |
|